 Dungeon Crawl Stone Soup version 0.28.0-49-g6dfe1f597d (webtiles) character file.

Game seed: 15404522271675365684

1871 bnorton916 the Thaumaturge (level 8, 0/39 (41) HPs)
             Began as a Deep Elf Fire Elementalist on May 19, 2022.
             Was an Initiate of Gozag.
             Slain by a wight
             ... wielding a +4 flail
              (4 damage)
             ... on level 6 of the Dungeon.
             The game lasted 00:13:07 (9158 turns).

bnorton916 the Thaumaturge (DEFE)                   Turns: 9158, Time: 00:13:08

HP:   0/39 (41)     AC:  5    Str:  5    XL:     8   Next: 90%
MP:   11/31         EV: 12    Int: 23    God:    Gozag
Gold: 633           SH:  5    Dex: 15    Spells: 14/24 levels left

rFire   + . .      SeeInvis .   v - staff of fire
rCold   + . .      Faith    .   (no shield)
rNeg    . . .      Spirit   .   a - +0 robe
rPois   .          Reflect  +   m - +0 helmet
rElec   .          Harm     .   i - +1 cloak
rCorr   .          Rampage  .   (no gloves)
Will    .....                   (no boots)
Stlth   ++........              t - amulet of reflection
HPRegen 0.13/turn               d - ring of protection from cold
MPRegen 0.22/turn               o - ring of magical power

@: gold aura, very slightly contaminated, lightly drained
A: no striking features
a: Renounce Religion, Potion Petition, Call Merchant, Bribe Branch


You were on level 6 of the Dungeon.
You worshipped Gozag.
Gozag was pleased with you.
You visited 2 branches of the dungeon, and saw 7 of its levels.

You collected 798 gold pieces.
You spent 85 gold pieces at shops.
You paid 80 gold pieces to Gozag.

Inventory:

Hand Weapons
 q - a +2 vorpal hand axe
 r - a +2 short sword of holy wrath
 A - a +1 dagger of speed
Armour
 a - a +0 robe (worn)
 i - a +1 cloak (worn)
 m - a +0 helmet (worn)
 z - a +3 leather armour of cold resistance
Magical Staves
 v - a staff of fire (weapon)
Jewellery
 d - a ring of protection from cold (left hand)
 o - a ring of magical power (right hand)
 t - an amulet of reflection (around neck)
Wands
 y - a wand of iceblast (7)
Scrolls
 c - a scroll of enchant weapon {unknown}
 e - a scroll of fog
 h - a scroll of amnesia {unknown}
 k - 2 scrolls of teleportation
 n - a scroll of immolation {unknown}
 p - a scroll of enchant armour {unknown}
 s - a scroll of silence {unknown}
 u - a scroll of noise
Potions
 b - a potion of lignification {unknown}
 f - a potion of mutation {unknown}
 g - 3 potions of might
 j - 3 potions of attraction
 l - a potion of brilliance {unknown}
 w - a potion of resistance {unknown}
 x - a potion of cancellation {unknown}


   Skills:
 + Level 2.2 Armour
 - Level 2.4 Dodging
 - Level 2.4 Stealth
 + Level 8.7 Spellcasting
 + Level 6.9 Conjurations
 - Level 2.0 Translocations
 + Level 7.7 Fire Magic


You had 14 spell levels left.
You knew the following spells:

 Your Spells              Type           Power      Damage    Failure   Level
a - Foxfire               Conj/Fire      100%       2x1d9     1%          1
b - Blink                 Tloc           38%        N/A       4%          2
c - Flame Wave            Conj/Fire      60%        2d12      3%          4
d - Conjure Flame         Conj/Fire      60%        6-21      1%          3

Your spell library contained the following spells:

 Spells                   Type           Power      Damage    Failure   Level
 Scorch                   Fire           100%       2d10      1%          2
 Inner Flame              Hex/Fire       41%        N/A       4%          3
 Lesser Beckoning         Tloc           19%        N/A       9%          3
 Sublimation of Blood     Necr           10%        N/A       10%         2
 Wereblood                Tmut           10%        N/A       10%         2
 Manifold Assault         Tloc           19%        N/A       61%         5
 Summon Hydra             Summ           5%         N/A       100%        7


Dungeon Overview and Level Annotations

Branches:
Dungeon (6/15)             Temple (1/1) D:4

Altars:
Ashenzari
Cheibriados
Dithmenos
Elyvilon
Fedhas
Gozag
Hepliaklqana
Kikubaaqudgha
Makhleb
Nemelex Xobeh
Okawaru
Qazlal
Ru
Sif Muna
Trog
Uskayaw
Vehumet
Wu Jian
Xom
Yredelemnul
Zin
The Shining One

Shops:
D:5 *

Annotations:
D:2 Edmund
D:5 3 runed translucent doors, firemarshallily's ghost, novice MfIE
D:6 2 transporters


Message History

Confirm with . or Enter, or press ? or * to list all spells.
Casting: Flame Wave (dangerous; 3% risk of failure)
Press: ? - help, Dir - look around, f - activate You feel a surge of power!
A wave of flame ripples out!
The flame wave engulfs the necrophage!
The necrophage is severely damaged. (Press . to intensify the flame waves.)
You are engulfed in blazing flames.
You resist. The necrophage misses you. The wight hits you with a +4 flail!
Casting: Flame Wave (dangerous; 3% risk of failure)
Confirm with . or Enter, or press ? or * to list all spells.
Casting: Flame Wave (dangerous; 3% risk of failure)
Press: ? - help, Dir - look around, f - activate You feel a surge of power!
You miscast Flame Wave.
You are very lightly contaminated with residual magic.
Nothing appears to happen.
The necrophage closely misses you.
Unknown command.
Casting: Flame Wave (dangerous; 3% risk of failure)
Confirm with . or Enter, or press ? or * to list all spells.
Casting: Flame Wave (dangerous; 3% risk of failure)
Press: ? - help, Dir - look around, f - activate You feel a surge of power!
A wave of flame ripples out!
The flame wave engulfs the wight.
The wight is moderately damaged.
The flame wave engulfs the necrophage!
You destroy the necrophage! (Press . to intensify the flame waves.)
The wight misses you. The wight hits you with a +4 flail.
Unknown command.
Unknown command.
A wave of flame ripples out!
The flame wave engulfs the wight!
You destroy the wight!
The flame wave engulfs the wight.
The wight is lightly damaged.
The kobold brigand is distracted by your dazzling golden aura.
The wight hits you with a +4 flail!
* * * LOW HITPOINT WARNING * * *
You feel drained.
You die...
Your body crumbles into a pile of gold.

# .. #..#.....# ##.....
.##..##4##...#.## ##..##
x#.. .K#....##.####..##
##..##5#....###..#....#
##....###....# ##......##
##............## #....#..#
.....(.).......# #....##..
$
...............##..#...#..
........$@.....##..###....
........§z>....##.## #####
..............###.
......$.......# #.
..............#
.......?.....##
.........#### ...#.....#
.###....#.


You could see an ancient zyme, a chaos spawn (wandering), a kobold brigand
(unaware), a wight and a quasit.

Vanquished Creatures
  2 ice beasts (D:6)
  A necrophage (D:6)
  4 ogres
  2 black bears
  A centaur (D:6)
  A phantom (D:3)
  2 scorpions
  A water moccasin zombie (D:5)
  3 wights (D:6)
  A centaur zombie (D:6)
  A hound (D:5)
  6 orc priests
  2 jellies
  2 iguanas
  3 orc wizards
  4 hound skeletons (D:5)
  Robin (D:2)
  9 adders
  2 ufetubi
  An adder skeleton (D:4)
  A worm (D:2)
  A dart slug (D:2)
  18 orcs
  2 ball pythons
  A bat (D:3)
  5 endoplasms
  5 giant cockroaches
  13 goblins
  6 hobgoblins
  6 kobolds
  6 quokkas
  4 frilled lizards
  4 rats
121 creatures vanquished.

Vanquished Creatures (others)
  582 foxfires
582 creatures vanquished.

Grand Total: 703 creatures vanquished

Notes
Turn   | Place    | Note
-------+----------+-------------------------------------------
     0 | D:1      | bnorton916 the Deep Elf Fire Elementalist began the quest
                  | for the Orb.
     0 | D:1      | Reached XP level 1. HP: 10/10 MP: 6/6
   670 | D:1      | Reached XP level 2. HP: 15/15 MP: 5/8
  1567 | D:2      | Reached XP level 3. HP: 19/19 MP: 6/10
  1731 | D:2      | Found a shimmering altar of Xom.
  1814 | D:2      | Found a faded altar of an unknown god.
  1855 | D:2      | Noticed Robin
  2426 | D:2      | Reached skill level 4 in Spellcasting
  2447 | D:2      | Killed Robin
  2880 | D:3      | Reached XP level 4. HP: 24/24 MP: 8/12
  3753 | D:3      | Found a glowing silver altar of Zin.
  4068 | D:4      | Noticed an ogre
  4079 | D:4      | Killed an ogre
  4080 | D:4      | Reached skill level 5 in Spellcasting
  4080 | D:4      | Reached XP level 5. HP: 28/28 MP: 14/14
  4489 | D:4      | Reached skill level 5 in Fire Magic
  4492 | D:4      | Reached XP level 6. HP: 27/32 MP: 16/16
  4859 | D:4      | Noticed Edmund
  4860 | D:4      | Reached skill level 6 in Spellcasting
  5386 | D:4      | Found a staircase to the Ecumenical Temple.
  5392 | Temple   | Entered the Ecumenical Temple
  5661 | Temple   | Became a worshipper of Gozag Ym Sagoz the Greedy
  5702 | D:4      | Reached XP level 7. HP: 36/36 MP: 18/18
  6438 | D:5      | Entered Level 5 of the Dungeon
  6633 | D:5      | Reached skill level 5 in Conjurations
  6633 | D:5      | Reached skill level 1 in Translocations
  6833 | D:5      | Reached skill level 7 in Spellcasting
  7145 | D:5      | Reached XP level 8. HP: 41/41 MP: 21/21
  7580 | D:5      | Found Qoll's Assorted Antiques.
  7594 | D:5      | Bought a runed leather armour for 85 gold pieces
  7597 | D:5      | Learned a level 2 spell: Blink
  7602 | D:5      | Learned a level 4 spell: Flame Wave
  7606 | D:5      | Learned a level 3 spell: Conjure Flame
  7866 | D:5      | Found a runed translucent gate.
  7868 | D:5      | Found a runed translucent gate.
  7868 | D:5      | Noticed firemarshallily's ghost (novice MfIE)
  7869 | D:5      | Found a runed translucent gate.
  8195 | D:6      | Found a transporter.
  8218 | D:6      | Reached skill level 1 in Armour
  8218 | D:6      | Reached skill level 8 in Spellcasting
  8552 | D:6      | Found a transporter.
  9133 | D:6      | Noticed an ancient zyme
  9158 | D:6      | Slain by a wight

Illustrated notes

Levels and vault maps discovered:
D:1:      erik_arrival_cave_to_civilisation [erik_arrival_cave_to_hall],
          layout_basic
D:2:      layout_basic, basic_altar, hellmonk_ecumenical_altar_crossroads,
          dk_noncrumbling_2, uniq_robin
D:3:      layout_loops_cross, mainiacjoe_overflow_catwalk, hangedman_glass_teeth
D:4:      layout_cave_pools, minmay_temple_entry_enclosed_plants,
          skrybe_limestone_x, uniq_edmund
D:5:      layout_loops_ring, serial_shops, shop_coins,
          gammafunk_ghost_nasty_kobolds, grunt_ministairs_15, st_stairs_1,
          hangedman_decor_lopped, amethyst_killhole
D:6:      layout_layer_cave, gammafunk_ghost_abyssal_escape, st_stairs_8
Temple:   mainiacjoe_temple_archimedes_tessellation

Skill      XL: |  1  2  3  4  5  6  7  8 |
---------------+-------------------------+-----
Conjurations   | 2 3 4 5 6 |  6.9
Spellcasting   | 4 5 6 7 8 |  8.7
Fire Magic     | 4 5 6 7 |  7.7
Translocations | 2 |  2.0
Armour         | 2 |  2.2
Dodging        | |  2.4
Stealth        | |  2.4

Action                   |  1- 3 |  4- 6 |  7- 9 || total
-------------------------+-------+-------+-------++-------
 Cast: Foxfire           |   130 |    76 |   139 ||   345
       Flame Wave        |       |       |     3 ||     3
       Conjure Flame     |       |       |     2 ||     2
       Blink             |       |       |     1 ||     1
  Use: Scroll            |       |       |     6 ||     6
Armor: Robe              |     2 |     2 |    15 ||    19
Dodge: Dodged            |     8 |    14 |    48 ||    70
Block: Other             |       |       |    22 ||    22
       Reflection        |       |       |     2 ||     2
